| TOP OF THE 1ST |
|
New Hampshire Fisher Cats batting - Pitching for Midland RockHounds : LHP Michael Twigg
|
|
Pitching: LHP Michael Twigg
|
|
|
Batting: LHB Yoshinari Nara
|
0-0: Called Strike 0-1: Ball 1-1: Called Strike 1-2: Ball 2-2: Strikes out swinging
|
|
Batting: SHB Tristan Dearing
|
0-0: Ball 1-0: Called Strike 1-1: Swinging Strike 1-2: Ball 2-2: Ground out 6-3 (Groundball, 6, EV 105.0 MPH)
|
|
Batting: RHB Mike Strey
|
0-0: Ball 1-0: Ball 2-0: Called Strike 2-1: Foul Ball, location: 2F 2-2: Fly out, F8 (Flyball, 8RD, EV 99.4 MPH)
|
| Top of the 1st over - 0 runs, 0 hits, 0 errors, 0 left on base; New Hampshire 0 - Midland 0 |
| BOTTOM OF THE 1ST |
|
Midland RockHounds batting - Pitching for New Hampshire Fisher Cats : RHP Josh Weinmann
|
|
Pitching: RHP Josh Weinmann
|
|
|
Batting: LHB Zachary DeLuca
|
0-0: Ball 1-0: Ball 2-0: Ball 3-0: Base on Balls
|
|
Batting: SHB Rich Muniz
|
0-0: Ball 1-0: Called Strike 1-1: Fly out, F8 (Flyball, 8RD, EV 103.8 MPH)
|
|
Batting: LHB John Shults
|
0-0: Called Strike 0-1: DOUBLE (Flyball, 89D, EV 99.4 MPH) Zachary DeLuca to third Runner from 3rd tries for Home, SAFE, no throw by CF
|
|
Batting: RHB Dave Glenn
|
0-0: Swinging Strike 0-1: Ball 1-1: Swinging Strike 1-2: Foul Ball, location: 2F 1-2: Strikes out swinging
|
|
Batting: RHB Luis Restrepo
|
0-0: Ball 1-0: Ball 2-0: Ball 3-0: Base on Balls
|
|
Batting: RHB Danny Heikkila
|
0-0: Called Strike 0-1: Swinging Strike 0-2: Ball 1-2: Foul Ball, location: 2F 1-2: Ground out 1-3 (Groundball, P, EV 66.2 MPH)
|
| Bottom of the 1st over - 1 run, 1 hit, 0 errors, 2 left on base; New Hampshire 0 - Midland 1 |
| TOP OF THE 2ND |
|
New Hampshire Fisher Cats batting - Pitching for Midland RockHounds : LHP Michael Twigg
|
|
Batting: RHB Butch Koglin
|
0-0: Ball 1-0: Called Strike 1-1: Called Strike 1-2: Strikes out looking
|
|
Batting: SHB Jack Andrews
|
0-0: Called Strike 0-1: Foul Ball, location: 2F 0-2: Strikes out swinging, 2-3 out at first.
|
|
Batting: RHB Tony Rosas
|
0-0: Ball 1-0: Fly out, F4 (Popup, 4, EV 76.9 MPH)
|
| Top of the 2nd over - 0 runs, 0 hits, 0 errors, 0 left on base; New Hampshire 0 - Midland 1 |
| BOTTOM OF THE 2ND |
|
Midland RockHounds batting - Pitching for New Hampshire Fisher Cats : RHP Josh Weinmann
|
|
Batting: RHB Carlos Ballesteros
|
0-0: Called Strike 0-1: Swinging Strike 0-2: Strikes out swinging
|
|
Batting: RHB Armando Estrada
|
0-0: Foul Ball, location: 2F 0-1: Foul Ball, location: 2F 0-2: Ball 1-2: SINGLE (Groundball, 6D, EV 98.8 MPH)
|
|
Batting: SHB Ian Finley
|
0-0: Called Strike 0-1: SINGLE (Line Drive, 5D, EV 99.4 MPH) Armando Estrada to second
|
|
Batting: LHB Zachary DeLuca
|
0-0: Ball 1-0: Foul Ball, location: 2F 1-1: SINGLE (Flyball, 4D, EV 93.8 MPH) Armando Estrada to third Ian Finley to second
|
|
Batting: SHB Rich Muniz
|
0-0: Ball 1-0: Called Strike 1-1: Called Strike 1-2: Foul Ball, location: 2F 1-2: Foul Ball, location: 2F 1-2: Strikes out swinging
|
|
Batting: LHB John Shults
|
0-0: Called Strike 0-1: Ball 1-1: Foul Ball, location: 2F 1-2: Ball 2-2: Strikes out swinging
|
| Bottom of the 2nd over - 0 runs, 3 hits, 0 errors, 3 left on base; New Hampshire 0 - Midland 1 |
| TOP OF THE 3RD |
|
New Hampshire Fisher Cats batting - Pitching for Midland RockHounds : LHP Michael Twigg
|
|
Batting: LHB Tso-lin Fen
|
0-0: Called Strike 0-1: Ball 1-1: Foul Ball, location: 2F 1-2: SINGLE (Groundball, 15S, EV 68.8 MPH) (infield hit)
|
|
Batting: RHB Bryan Peterson
|
0-0: Called Strike 0-1: Ball 1-1: Called Strike 1-2: Ball 2-2: Ball 3-2: SINGLE (Groundball, 13, EV 85.6 MPH) (infield hit) Tso-lin Fen to second
|
|
Batting: LHB Timo Gomez
|
0-0: Ball Tso-lin Fen steals 3rd base 1-0: Ball 2-0: Grounds into double play, 6-4-3 (Groundball, 6M, EV 88.8 MPH) Tso-lin Fen scores
|
|
Batting: LHB Yoshinari Nara
|
0-0: Called Strike 0-1: Ball 1-1: Ball 2-1: Ball 3-1: Foul Ball, location: 2F 3-2: Ground out 4-3 (Groundball, 4, EV 87.5 MPH)
|
| Top of the 3rd over - 1 run, 2 hits, 0 errors, 0 left on base; New Hampshire 1 - Midland 1 |
| BOTTOM OF THE 3RD |
|
Midland RockHounds batting - Pitching for New Hampshire Fisher Cats : RHP Josh Weinmann
|
|
Batting: RHB Dave Glenn
|
0-0: Swinging Strike 0-1: Ball 1-1: Foul Ball, location: 2F 1-2: Ball 2-2: Ball 3-2: Base on Balls
|
|
Batting: RHB Luis Restrepo
|
0-0: Called Strike Dave Glenn steals 2nd base 0-1: Ground out 5-3 (Groundball, 56S, EV 66.2 MPH) Dave Glenn to third
|
|
Batting: RHB Danny Heikkila
|
0-0: Foul Ball, location: 2F 0-1: Ball 1-1: Foul Ball, location: 2F 1-2: Strikes out swinging
|
|
Batting: RHB Carlos Ballesteros
|
0-0: Swinging Strike 0-1: Called Strike 0-2: Ball 1-2: Ball 2-2: Ground out 5-3 (Groundball, 5S, EV 86.9 MPH)
|
| Bottom of the 3rd over - 0 runs, 0 hits, 0 errors, 1 left on base; New Hampshire 1 - Midland 1 |
| TOP OF THE 4TH |
|
New Hampshire Fisher Cats batting - Pitching for Midland RockHounds : LHP Michael Twigg
|
|
Batting: SHB Tristan Dearing
|
0-0: Foul Ball, location: 2F 0-1: Fly out, F9 (Flyball, 9, EV 83.1 MPH)
|
|
Batting: RHB Mike Strey
|
0-0: SINGLE (Groundball, 56D, EV 97.5 MPH)
|
|
Batting: RHB Butch Koglin
|
0-0: Ball 1-0: Called Strike 1-1: Ball 2-1: Foul Ball, location: 2F 2-2: Ball 3-2: Strikes out looking
|
|
Batting: SHB Jack Andrews
|
0-0: Ball 1-0: Called Strike 1-1: SINGLE (Line Drive, 78M, EV 92.5 MPH) Mike Strey to second
|
|
Batting: RHB Tony Rosas
|
0-0: Ball 1-0: Swinging Strike 1-1: Foul Ball, location: 2F 1-2: Strikes out looking
|
| Top of the 4th over - 0 runs, 2 hits, 0 errors, 2 left on base; New Hampshire 1 - Midland 1 |
| BOTTOM OF THE 4TH |
|
Midland RockHounds batting - Pitching for New Hampshire Fisher Cats : RHP Josh Weinmann
|
|
Batting: RHB Armando Estrada
|
0-0: Swinging Strike 0-1: SINGLE (Groundball, 25, EV 68.8 MPH) (infield hit)
|
|
Batting: SHB Ian Finley
|
0-0: Ball 1-0: Called Strike 1-1: Ball 2-1: Swinging Strike 2-2: Foul Ball, location: 2F 2-2: Ball 3-2: Strikes out looking
|
|
Batting: LHB Zachary DeLuca
|
0-0: Ball 1-0: Ball 2-0: Called Strike 2-1: Called Strike 2-2: Strikes out swinging
|
|
Batting: SHB Rich Muniz
|
0-0: Ball 1-0: Called Strike 1-1: Fly out, F7 (Flyball, 78M, EV 86.2 MPH)
|
| Bottom of the 4th over - 0 runs, 1 hit, 0 errors, 1 left on base; New Hampshire 1 - Midland 1 |
| TOP OF THE 5TH |
|
New Hampshire Fisher Cats batting - Pitching for Midland RockHounds : LHP Michael Twigg
|
|
Batting: LHB Tso-lin Fen
|
0-0: Ball 1-0: SINGLE (Groundball, 34D, EV 94.4 MPH)
|
|
Batting: RHB Bryan Peterson
|
0-0: Foul Ball, location: 2F 0-1: Ball 1-1: Called Strike Tso-lin Fen steals 2nd, throwing error, E2 Tso-lin Fen to third 1-2: Foul Ball, location: 2F 1-2: Ball 2-2: Foul Ball, location: 2F 2-2: Foul Ball, location: 2F 2-2: Strikes out swinging
|
|
Batting: LHB Timo Gomez
|
0-0: Called Strike 0-1: Fly out, F7 (Flyball, 7S, EV 95.6 MPH)
|
|
Batting: LHB Yoshinari Nara
|
0-0: Called Strike 0-1: Ball 1-1: Ground out 6-3 (Groundball, 6, EV 107.5 MPH)
|
| Top of the 5th over - 0 runs, 1 hit, 1 error, 1 left on base; New Hampshire 1 - Midland 1 |
| BOTTOM OF THE 5TH |
|
Midland RockHounds batting - Pitching for New Hampshire Fisher Cats : RHP Josh Weinmann
|
|
Batting: LHB John Shults
|
0-0: Ground out 4-3 (Groundball, 4, EV 86.2 MPH)
|
|
Batting: RHB Dave Glenn
|
0-0: Ball 1-0: Swinging Strike 1-1: Swinging Strike 1-2: Fly out, F4 (Popup, 4, EV 66.9 MPH)
|
|
Batting: RHB Luis Restrepo
|
0-0: Ball 1-0: Foul Ball, location: 2F 1-1: Foul Ball, location: 2F 1-2: Ball 2-2: Fly out, F9 (Flyball, 89M, EV 90.6 MPH)
|
| Bottom of the 5th over - 0 runs, 0 hits, 0 errors, 0 left on base; New Hampshire 1 - Midland 1 |
| TOP OF THE 6TH |
|
New Hampshire Fisher Cats batting - Pitching for Midland RockHounds : LHP Michael Twigg
|
|
Batting: SHB Tristan Dearing
|
0-0: Ball 1-0: Ground out 6-3 (Groundball, 56D, EV 106.9 MPH)
|
|
Batting: RHB Mike Strey
|
0-0: Called Strike 0-1: Foul Ball, location: 2F 0-2: Ball 1-2: Ball 2-2: Ground out 5-3 (Groundball, 56S, EV 70.6 MPH)
|
|
Batting: RHB Butch Koglin
|
0-0: Swinging Strike 0-1: Ball 1-1: Ball 2-1: Ball 3-1: Base on Balls
|
|
Batting: SHB Jack Andrews
|
0-0: Ball 1-0: Ball 2-0: Swinging Strike 2-1: Foul Ball, location: 2F 2-2: Foul Ball, location: 2F 2-2: Strikes out swinging
|
| Top of the 6th over - 0 runs, 0 hits, 0 errors, 1 left on base; New Hampshire 1 - Midland 1 |
| BOTTOM OF THE 6TH |
|
Midland RockHounds batting - Pitching for New Hampshire Fisher Cats : RHP Josh Weinmann
|
|
Batting: RHB Danny Heikkila
|
0-0: Ground out 6-3 (Groundball, 6S, EV 58.1 MPH)
|
|
Batting: RHB Carlos Ballesteros
|
0-0: Ball 1-0: Ball 2-0: Ground out 4-3 (Groundball, 6M, EV 87.5 MPH)
|
|
Batting: RHB Armando Estrada
|
0-0: Ball 1-0: Foul Ball, location: 2F 1-1: Foul Ball, location: 2F 1-2: Ball 2-2: Ground out 6-3 (Groundball, 6, EV 105.0 MPH)
|
| Bottom of the 6th over - 0 runs, 0 hits, 0 errors, 0 left on base; New Hampshire 1 - Midland 1 |
| TOP OF THE 7TH |
|
New Hampshire Fisher Cats batting - Pitching for Midland RockHounds : LHP Michael Twigg
|
|
Batting: RHB Tony Rosas
|
0-0: Ball 1-0: SINGLE (Line Drive, 78S, EV 102.5 MPH)
|
|
Batting: LHB Tso-lin Fen
|
0-0: Ball 1-0: Bunted foul 1-1: Bunted foul 1-2: Ball 2-2: Strikes out looking
|
|
Batting: RHB Bryan Peterson
|
0-0: SINGLE (Groundball, 6MS, EV 63.1 MPH) (infield hit) Tony Rosas to second
|
|
Batting: LHB Timo Gomez
|
0-0: Ball 1-0: Called Strike 1-1: Swinging Strike 1-2: Ball 2-2: Ball 3-2: Foul Ball, location: 2F 3-2: Strikes out looking
|
|
Batting: LHB Yoshinari Nara
|
0-0: Foul Ball, location: 2F 0-1: Called Strike 0-2: Strikes out looking
|
| Top of the 7th over - 0 runs, 2 hits, 0 errors, 2 left on base; New Hampshire 1 - Midland 1 |
| BOTTOM OF THE 7TH |
|
Midland RockHounds batting - Pitching for New Hampshire Fisher Cats : RHP Josh Weinmann
|
|
Batting: SHB Ian Finley
|
0-0: Called Strike 0-1: Foul Ball, location: 2F 0-2: Ball 1-2: Ball 2-2: Ball 3-2: SINGLE (Line Drive, 34, EV 98.1 MPH)
|
|
Batting: LHB Zachary DeLuca
|
0-0: Sac Bunt to 15 - play at first, batter OUT! 1-4 Ian Finley to second
|
|
Batting: SHB Rich Muniz
|
0-0: Swinging Strike 0-1: Fly out, F8 (Line Drive, 8RM, EV 90.6 MPH)
|
|
Pitching: RHP Fernando Torres
|
|
|
Batting: LHB John Shults
|
0-0: Ball 1-0: Ball 2-0: Swinging Strike 2-1: Foul Ball, location: 2F 2-2: Strikes out swinging
|
| Bottom of the 7th over - 0 runs, 1 hit, 0 errors, 1 left on base; New Hampshire 1 - Midland 1 |
| TOP OF THE 8TH |
|
New Hampshire Fisher Cats batting - Pitching for Midland RockHounds : LHP Michael Twigg
|
|
Batting: SHB Tristan Dearing
|
0-0: Foul Ball, location: 2F 0-1: Ball 1-1: Ball 2-1: Foul Ball, location: 2F 2-2: Strikes out swinging
|
|
Pitching: RHP Mike Staley
|
|
|
Pinch Hitting: LHB Rodrigo Briceno
|
0-0: Called Strike 0-1: Called Strike 0-2: Strikes out looking
|
|
Batting: RHB Butch Koglin
|
0-0: Ball 1-0: Ball 2-0: Swinging Strike 2-1: Foul Ball, location: 2F 2-2: Foul Ball, location: 2F 2-2: Ball 3-2: Base on Balls
|
|
Batting: SHB Jack Andrews
|
0-0: Swinging Strike 0-1: Fly out, F8 (Flyball, 8LD, EV 87.5 MPH)
|
| Top of the 8th over - 0 runs, 0 hits, 0 errors, 1 left on base; New Hampshire 1 - Midland 1 |
| BOTTOM OF THE 8TH |
|
Midland RockHounds batting - Pitching for New Hampshire Fisher Cats : RHP Fernando Torres
|
|
Now at 1B: Rodrigo Briceno
|
|
|
Now at 2B: Butch Koglin
|
|
|
Now at 3B: Tony Rosas
|
|
|
Batting: RHB Dave Glenn
|
0-0: Foul Ball, location: 2F 0-1: Ball 1-1: Fly out, F8 (Line Drive, 78M, EV 94.4 MPH)
|
|
Batting: RHB Luis Restrepo
|
0-0: Foul Ball, location: 2F 0-1: Ball 1-1: Ball 2-1: Ball 3-1: Ground out 6-3 (Groundball, 6, EV 103.8 MPH)
|
|
Batting: RHB Danny Heikkila
|
0-0: Called Strike 0-1: Called Strike 0-2: Ball 1-2: Ball 2-2: Foul Ball, location: 2F 2-2: Foul Ball, location: 2F 2-2: Foul Ball, location: 2F 2-2: Foul Ball, location: 2F 2-2: Strikes out swinging
|
| Bottom of the 8th over - 0 runs, 0 hits, 0 errors, 0 left on base; New Hampshire 1 - Midland 1 |
| TOP OF THE 9TH |
|
New Hampshire Fisher Cats batting - Pitching for Midland RockHounds : RHP Mike Staley
|
|
Batting: RHB Tony Rosas
|
0-0: Ball 1-0: Fly out, F8 (Flyball, 8RS, EV 86.9 MPH)
|
|
Batting: LHB Tso-lin Fen
|
0-0: Ball 1-0: Called Strike 1-1: Ball 2-1: Foul Ball, location: 2F 2-2: Ground out 4-3 (Groundball, 4S, EV 74.4 MPH)
|
|
Batting: RHB Bryan Peterson
|
0-0: Ball 1-0: DOUBLE (Flyball, 8RD, EV 96.9 MPH)
|
|
Batting: LHB Timo Gomez
|
0-0: Fly out, F8 (Flyball, 89M, EV 95.6 MPH)
|
| Top of the 9th over - 0 runs, 1 hit, 0 errors, 1 left on base; New Hampshire 1 - Midland 1 |
| BOTTOM OF THE 9TH |
|
Midland RockHounds batting - Pitching for New Hampshire Fisher Cats : RHP Fernando Torres
|
|
Batting: RHB Carlos Ballesteros
|
0-0: Foul Ball, location: 2F 0-1: Foul Ball, location: 2F 0-2: Fly out, F8 (Flyball, 8RM, EV 89.4 MPH)
|
|
Batting: RHB Armando Estrada
|
0-0: Ground out 1-3 (Groundball, 13, EV 66.9 MPH)
|
|
Batting: SHB Ian Finley
|
0-0: Ball 1-0: Foul Ball, location: 2F 1-1: Ball 2-1: Called Strike 2-2: Strikes out swinging
|
| Bottom of the 9th over - 0 runs, 0 hits, 0 errors, 0 left on base; New Hampshire 1 - Midland 1 |
| TOP OF THE 10TH |
|
New Hampshire Fisher Cats batting - Pitching for Midland RockHounds : RHP Mike Staley
|
|
Batting: LHB Yoshinari Nara
|
0-0: Called Strike 0-1: Swinging Strike 0-2: Ball 1-2: Ball 2-2: Strikes out swinging
|
|
Batting: SHB Tristan Dearing
|
0-0: Called Strike 0-1: Ball 1-1: Foul Ball, location: 2F 1-2: Ground out 4-3 (Groundball, 4, EV 83.1 MPH)
|
|
Batting: LHB Rodrigo Briceno
|
0-0: Called Strike 0-1: Swinging Strike 0-2: Ground out U3 (Groundball, 3, EV 82.5 MPH)
|
| Top of the 10th over - 0 runs, 0 hits, 0 errors, 0 left on base; New Hampshire 1 - Midland 1 |
| BOTTOM OF THE 10TH |
|
Midland RockHounds batting - Pitching for New Hampshire Fisher Cats : RHP Fernando Torres
|
|
Pitching: RHP Andres Lozano
|
|
|
Batting: LHB Zachary DeLuca
|
0-0: Ball 1-0: Ball 2-0: Foul Ball, location: 9LSF, Error on foul ball, E9 2-1: Foul Ball, location: 2F 2-2: Foul Ball, location: 2F 2-2: Ground out 4-3 (Groundball, 4, EV 104.4 MPH)
|
|
Batting: SHB Rich Muniz
|
0-0: Ground out 4-3 (Groundball, 4, EV 106.9 MPH)
|
|
Batting: LHB John Shults
|
0-0: Called Strike 0-1: Called Strike 0-2: Ball 1-2: Fly out, F7 (Line Drive, 7S, EV 92.5 MPH)
|
| Bottom of the 10th over - 0 runs, 0 hits, 1 error, 0 left on base; New Hampshire 1 - Midland 1 |
| TOP OF THE 11TH |
|
New Hampshire Fisher Cats batting - Pitching for Midland RockHounds : RHP Mike Staley
|
|
Batting: RHB Butch Koglin
|
0-0: Called Strike 0-1: Ball 1-1: Ground out 6-3 (Groundball, 56, EV 87.5 MPH)
|
|
Batting: SHB Jack Andrews
|
0-0: Ball 1-0: Called Strike 1-1: Ball 2-1: Called Strike 2-2: Strikes out looking
|
|
Batting: RHB Tony Rosas
|
0-0: Called Strike 0-1: Foul Ball, location: 2F 0-2: Strikes out looking
|
| Top of the 11th over - 0 runs, 0 hits, 0 errors, 0 left on base; New Hampshire 1 - Midland 1 |
| BOTTOM OF THE 11TH |
|
Midland RockHounds batting - Pitching for New Hampshire Fisher Cats : RHP Andres Lozano
|
|
Batting: RHB Dave Glenn
|
0-0: Swinging Strike 0-1: Ground out 5-3 (Groundball, 5, EV 86.2 MPH)
|
|
Batting: RHB Luis Restrepo
|
0-0: Ball 1-0: Ball 2-0: Called Strike 2-1: Swinging Strike 2-2: Ball 3-2: Foul Ball, location: 2F 3-2: Base on Balls
|
|
Pinch Hitting: LHB Billy Schultz
|
0-0: Ball 1-0: Foul Ball, location: 2F 1-1: Swinging Strike 1-2: Strikes out looking
|
|
Batting: RHB Carlos Ballesteros
|
0-0: Ground out 5-3 (Groundball, 56S, EV 68.8 MPH)
|
| Bottom of the 11th over - 0 runs, 0 hits, 0 errors, 1 left on base; New Hampshire 1 - Midland 1 |
| TOP OF THE 12TH |
|
New Hampshire Fisher Cats batting - Pitching for Midland RockHounds : RHP Mike Staley
|
|
Now at 2B: Eduardo Chavez
|
|
|
Batting: LHB Tso-lin Fen
|
0-0: Ball 1-0: Ball 2-0: Foul Ball, location: 2F 2-1: Ground out 3-1 (Groundball, 34, EV 85.0 MPH)
|
|
Batting: RHB Bryan Peterson
|
0-0: Called Strike 0-1: Swinging Strike 0-2: Ball 1-2: Foul Ball, location: 2F 1-2: Ground out 6-3 (Groundball, 6D, EV 105.0 MPH)
|
|
Batting: LHB Timo Gomez
|
0-0: Foul Ball, location: 2F 0-1: Ball 1-1: Ground out 4-3 (Groundball, 34, EV 101.2 MPH)
|
| Top of the 12th over - 0 runs, 0 hits, 0 errors, 0 left on base; New Hampshire 1 - Midland 1 |
| BOTTOM OF THE 12TH |
|
Midland RockHounds batting - Pitching for New Hampshire Fisher Cats : RHP Andres Lozano
|
|
Now at 3B: Scott Travis
|
|
|
Batting: RHB Armando Estrada
|
0-0: SINGLE (Groundball, 4MD, EV 106.2 MPH)
|
|
Batting: SHB Ian Finley
|
0-0: Ball 1-0: Ball 2-0: Foul Ball, location: 2F 2-1: Ball 3-1: Base on Balls Armando Estrada to second
|
|
Batting: LHB Zachary DeLuca
|
0-0: Bunt missed! 0-1: Bunt missed! 0-2: Ball 1-2: Fielders Choice at 2nd, 4-6 (Groundball, 4, EV 90.6 MPH) Armando Estrada to third
|
|
Batting: SHB Rich Muniz
|
0-0: Ball 1-0: Foul Ball, location: 2F 1-1: Foul Ball, location: 2F 1-2: Strikes out swinging
|
|
Pitching: RHP Dave Kurtz
|
|
|
Batting: LHB John Shults
|
0-0: Ball 1-0: Ground out 4-3 (Groundball, 4, EV 98.8 MPH)
|
| Bottom of the 12th over - 0 runs, 1 hit, 0 errors, 2 left on base; New Hampshire 1 - Midland 1 |
| TOP OF THE 13TH |
|
New Hampshire Fisher Cats batting - Pitching for Midland RockHounds : RHP Mike Staley
|
|
Batting: LHB Yoshinari Nara
|
0-0: Called Strike 0-1: Ball 1-1: DOUBLE (Line Drive, 7LM, EV 108.8 MPH)
|
|
Pitching: RHP Jose Esquibel
|
|
|
Batting: SHB Tristan Dearing
|
0-0: Ball Yoshinari Nara steals 3rd base 1-0: Ball 2-0: Called Strike 2-1: SINGLE (Line Drive, 9S, EV 91.2 MPH) Yoshinari Nara scores
|
|
Batting: LHB Rodrigo Briceno
|
0-0: Ball 1-0: Fielders Choice at 2nd, 4-6 (Groundball, 4, EV 90.6 MPH)
|
|
Batting: RHB Butch Koglin
|
0-0: Ball 1-0: Foul Ball, location: 2F 1-1: Foul Ball, location: 2F 1-2: Foul Ball, location: 2F 1-2: Ball 2-2: SINGLE (Line Drive, 8LS, EV 96.9 MPH) Rodrigo Briceno to second
|
|
Batting: SHB Jack Andrews
|
0-0: Called Strike 0-1: Ball 1-1: Ball 2-1: Foul Ball, location: 2F 2-2: Foul Ball, location: 2F 2-2: SINGLE (Groundball, 5L, EV 94.4 MPH) Rodrigo Briceno to third Butch Koglin to second Runner from 3rd tries for Home, SAFE, throw by LF to home
|
|
Batting: RHB Scott Travis
|
0-0: Ball 1-0: Ball 2-0: Swinging Strike 2-1: Ball 3-1: Base on Balls Butch Koglin to third Jack Andrews to second
|
|
Batting: LHB Tso-lin Fen
|
0-0: Foul Ball, location: 2F 0-1: Ball 1-1: Foul Ball, location: 2F 1-2: Grounds into double play, 3-2-3 (Groundball, 3S, EV 70.6 MPH)
|
| Top of the 13th over - 2 runs, 4 hits, 0 errors, 2 left on base; New Hampshire 3 - Midland 1 |
| BOTTOM OF THE 13TH |
|
Midland RockHounds batting - Pitching for New Hampshire Fisher Cats : RHP Dave Kurtz
|
|
Now in LF: Justin Powell
|
|
|
Batting: RHB Dave Glenn
|
0-0: Ball 1-0: Ball 2-0: Foul Ball, location: 2F 2-1: Foul Ball, location: 2F 2-2: Ball 3-2: Strikes out swinging
|
|
Batting: RHB Luis Restrepo
|
0-0: Foul Ball, location: 2F 0-1: Ball 1-1: Foul Ball, location: 2F 1-2: Ground out 4-3 (Groundball, 4, EV 86.2 MPH)
|
|
Batting: RHB Eduardo Chavez
|
0-0: Swinging Strike 0-1: Called Strike 0-2: Ball 1-2: Ground out 5-3 (Groundball, 56, EV 81.9 MPH)
|
| Bottom of the 13th over - 0 runs, 0 hits, 0 errors, 0 left on base; New Hampshire 3 - Midland 1 |
|